 Dungeon Crawl Stone Soup version 0.16-a0-3149-g1169300 (webtiles) character file.

224 Johnny the Bolt Thrower (level 6, 0/44 HPs)
             Began as a Human Hunter on Dec 15, 2014.
             Slain by an orc wizard
             ... wielding a +0 dagger of draining
              (2 damage)
             ... on level 5 of the Dungeon.
             The game lasted 00:04:14 (2697 turns).

Johnny the Bolt Thrower (Human Hunter)              Turns: 2697, Time: 00:04:14

Health: 0/44       AC:  3    Str: 13    XL:     6   Next: 20%
Magic:  6/6        EV: 11    Int: 11    God:
Gold:   216        SH:  0    Dex: 15    Spells: 0 memorised, 5 levels left

rFire  . . .     SeeInvis .     b - +1 hand crossbow
rCold  . . .     Clarity  .     d - +0 leather armour
rNeg   . . .     SustAb   .     (no shield)
rPois  .         Gourm    .     (no helmet)
rElec  .         Spirit   .     (no cloak)
rCorr  .         Warding  .     (no gloves)
rMut   .         Stasis   .     (no boots)
MR     .....                    (no amulet)
Stlth  +.........               (no ring)
                                (no ring)

@: confused, exhausted, slowed, heavily drained, very slow, not resistant to
hostile enchantments, very unstealthy
A: no striking features
a: no special abilities


You were on level 5 of the Dungeon.
You were very hungry.

You visited 1 branch of the dungeon, and saw 5 of its levels.

You collected 216 gold pieces.

Inventory:

Hand weapons
 a - a +0 short sword
 b - a +1 hand crossbow (weapon)
Missiles
 h - 14 poisoned bolts
 u - 39 bolts (quivered)
Armour
 d - a +0 leather armour (worn)
Jewellery
 e - an uncursed amulet of stasis {unknown}
 g - a +1 ring of evasion {unknown}
 j - an uncursed amulet of guardian spirit {unknown}
 m - an uncursed ring of sustain abilities {unknown}
 p - an uncursed ring of fire {unknown}
 v - an uncursed amulet of the gourmand {unknown}
 D - a cursed -4 ring of strength {unknown}
Magical devices
 C - a wand of random effects (45)
Scrolls
 i - 2 scrolls of fog {unknown}
 l - 4 scrolls of recharging
 o - a scroll of immolation {unknown}
 q - a scroll of fear {unknown}
 s - a scroll of blinking {unknown}
 t - 5 scrolls of identify {unknown}
 A - a scroll of magic mapping {unknown}
 B - 2 scrolls of remove curse {unknown}
Potions
 n - a potion of berserk rage
 w - a potion of magic {unknown}
 x - a potion of ambrosia
 z - a potion of heal wounds {unknown}
Books
 y - a book of Envenomations

   Spells                             Type                      Level
   a - Spider Form                    Transmutation/Poison         3
   b - Alistair's Intoxication        Transmutation/Poison         4
   c - Olgreb's Toxic Radiance        Poison                       4
   d - Poisonous Cloud                Conjuration/Poison/Air       6
Comestibles
 c - 3 fruits
 f - 4 bread rations
 k - 2 meat rations
 r - a beef jerky


   Skills:
 + Level 2.2(1.1) Fighting
 * Level 6.6(5.3) Crossbows
 + Level 0.6(0.0) Armour
 * Level 2.4(1.2) Dodging
 - Level 1.0(0.0) Stealth


You had 5 spell levels left.
You didn't know any spells.

Dungeon Overview and Level Annotations

Branches:
Dungeon (5/15)
 Temple: D:4-7

Altars:
Elyvilon
Makhleb


Message History

Something hits you.
You feel drained. Something hits you.
Evoke which item? (* to show all) (? for menu, Esc to quit)
Zapping:
C - a wand of random effects {recharged} (will waste charges)
Press: ? - help, Shift-Dir - straight line, f - scorpion
Aim: a scorpion The fireball explodes!
The fireball engulfs something.
The fireball engulfs the scorpion.
The scorpion is severely wounded.
The fireball engulfs you!
* * * LOW HITPOINT WARNING * * *
The fireball engulfs something.
Evoking this partially-identified wand wasted a few charges.
You hear some strange, mumbled words.
You are confused.
Something hits you.
* * * LOW HITPOINT WARNING * * *
Something hits you.
* * * LOW HITPOINT WARNING * * *
You feel drained.
You die...

... #....<#
#.....
#.#####
#.... #.#
#.... #.#
#... #.#
... #.# #s#
#.#
#.#######.#
#@{.....).#
###########


You could see a scorpion.

Vanquished Creatures
  A hound (D:4)
  An orc wizard (D:4)
  A worker ant (D:4)
  3 adders (D:2)
  A giant mite (D:3)
  6 worms
  3 giant geckos
  An ooze (D:4)
  7 orcs
  3 giant cockroaches
  3 goblins
  6 hobgoblins
  4 jackals (D:2)
  A quokka (D:3)
  2 ball pythons (D:3)
  6 bats
  5 giant newts
  8 kobolds
  12 rats
74 creatures vanquished.

Notes
Turn   | Place    | Note
--------------------------------------------------------------
     0 | D:1      | Johnny, the Human Hunter, began the quest for the Orb.
     0 | D:1      | Reached XP level 1. HP: 16/16 MP: 1/1
   197 | D:1      | Reached XP level 2. HP: 19/22 MP: 2/2
   671 | D:1      | Reached XP level 3. HP: 27/27 MP: 3/3
   927 | D:2      | Reached skill level 5 in Crossbows
  1046 | D:2      | Reached XP level 4. HP: 33/33 MP: 4/4
  1257 | D:2      | Reached skill level 6 in Crossbows
  1257 | D:2      | Reached XP level 5. HP: 26/38 MP: 5/5
  1356 | D:3      | Found a burning altar of Makhleb.
  1576 | D:3      | Found a white marble altar of Elyvilon.
  2167 | D:4      | Reached XP level 6. HP: 31/44 MP: 6/6
  2654 | D:5      | Entered Level 5 of the Dungeon
  2697 | D:5      | HP: 2/44 [something (5)]
  2697 | D:5      | Slain by an orc wizard

Action                   |  1- 3 |  4- 6 || total
-------------------------+-------+-------++-------
Melee: Hand crossbow     |       |     3 ||     3
 Fire: Hand crossbow     |    77 |   139 ||   216
Evoke: Wand              |       |     1 ||     1
  Use: Potion            |       |     2 ||     2
       Scroll            |       |     1 ||     1
  Eat: Royal jelly       |       |     1 ||     1
       Chunk             |       |     1 ||     1
       Beef jerky        |       |     1 ||     1
